AoeStats
← RELUIGI89

Oasis

510111270Analyzed
2v2 RM · 2d ago on Sep 29, 2026· 53m 34s· 4 players
Game mode
Random Map
Map size
Medium (4 player)
Population
200
Speed
Normal
Resources
Standard
Victory
Conquest
Starting age
Dark Age
Ending age
Imperial Age
RankedLock teamsTeams togetherTeam positionsShared explorationLock speedFull tech treeHidden civsTurbo modeCheats
Victory
Defeat
🇩🇪 Persians · Germany
905
+17
🇮🇹 Teutons · Italy
847
+19
🇹🇼 Maya · Taiwan
915
-18
🇹🇼 Byzantines · Taiwan
914
-18
RELUIGI89
13:42 Feudal Age
15:33 Wheelbarrow
16:24 Man-at-Arms
18:50 Horse Collar
24:48 Castle Age
24:06 Padded Archer Armor
24:16 Forging
24:07 Scale Mail Armor
25:05 Scale Barding Armor
26:09 Crossbowman
26:58 Fletching
27:19 Double-Bit Axe
27:54 Hand Cart
30:22 Pikeman
32:19 Bow Saw
32:42 Gambesons
32:53 Elite Skirmisher
33:39 Squires
35:57 Heavy Plow
39:34 Imperial Age
37:52 Bodkin Arrow
38:22 Ballistics
37:53 Guard Tower
38:53 Leather Archer Armor
38:52 Heated Shot
41:20 Chemistry
40:31 Masonry
40:09 Arrowslits
41:46 Fortified Wall
41:08 Capped Ram
43:07 Gold Mining
42:42 Heavy Scorpion
44:53 Ironclad
44:55 Crenellations
51:16 Onager
53:19 Siege Onager
NMircea
10:37 Feudal Age
11:30 Double-Bit Axe
11:32 Horse Collar
13:46 Loom
15:15 Man-at-Arms
18:53 Gold Mining
22:31 Fletching
26:58 Castle Age
26:18 Forging
27:19 Long Swordsman
27:22 Crossbowman
28:08 Thumb Ring
29:09 Wheelbarrow
30:48 Bow Saw
31:20 Town Watch
33:42 Hand Cart
33:55 Bodkin Arrow
36:54 Town Patrol
37:08 Kamandaran
38:01 Heavy Plow
39:30 Bloodlines
39:21 Husbandry
39:33 Padded Archer Armor
39:38 Scale Barding Armor
40:07 Light Cavalry
44:42 Imperial Age
42:50 Gold Shaft Mining
42:05 Stone Mining
42:17 Caravan
46:27 Elite War Elephant
47:28 Conscription
48:12 Iron Casting
47:58 Chain Barding Armor
47:54 Leather Archer Armor
50:15 Hoardings
51:13 Crop Rotation
51:00 Citadels
50:14 Pikeman
50:55 Squires
51:30 Ring Archer Armor
52:01 Blast Furnace
51:37 Plate Barding Armor
chen
10:36 Feudal Age
12:58 Double-Bit Axe
17:07 Wheelbarrow
21:24 Castle Age
29:51 Horse Collar
36:51 Bow Saw
39:08 Heavy Plow
43:22 Imperial Age
43:21 Hand Cart
44:34 Conscription
48:51 Heavy Camel Rider
51:48 Man-at-Arms
52:35 Squires
52:31 Gambesons
52:59 Long Swordsman
Autumn
0:28 Loom
9:53 Feudal Age
11:05 Double-Bit Axe
17:46 Castle Age
16:33 Gold Mining
17:13 Horse Collar
18:25 Forging
18:42 Squires
19:47 Eagle Warrior
23:30 Crossbowman
26:23 Thumb Ring
26:35 Arson
28:21 Fletching
31:20 Ballistics
32:46 Wheelbarrow
32:19 Bodkin Arrow
36:51 Imperial Age
35:59 Hand Cart
36:36 Padded Archer Armor
37:25 Heavy Plow
38:58 Stone Mining
39:16 Bracer
38:46 Elite Skirmisher
40:29 Hul'che Javelineers
41:38 Bow Saw
42:24 Conscription
42:49 Crop Rotation
43:11 Leather Archer Armor
43:33 Iron Casting
44:47 Arbalester
45:32 Pikeman
46:38 Scale Mail Armor
46:07 Halberdier
48:13 Chain Mail Armor
51:18 Plate Mail Armor
Connection lost

Rejoining the realm…

Still unreachable

The connection could not be restored.

Session expired

The server has moved on; the page needs a fresh start.